 Dungeon Crawl Stone Soup version 0.22.0-38-g04b72b8 (webtiles) character file.

37064 dvd the Protected (level 13, -6/113 HPs)
             Began as a Minotaur Fighter on Aug 28, 2018.
             Was the Champion of Wu Jian.
             Mangled by an orc knight
             ... wielding a +0 halberd
              (33 damage)
             ... in a bailey.
             The game lasted 00:53:57 (13520 turns).

dvd the Protected (Minotaur Fighter)               Turns: 13520, Time: 00:53:58

Health: -6/113     AC: 20    Str: 23    XL:     13   Next: 56%
Magic:  12/12      EV:  9    Int:  5    God:    Wu Jian [******]
Gold:   687        SH: 13    Dex: 13    Spells: 12/12 levels left

rFire    + + .     SeeInvis .   g - +2 hand axe (elec)
rCold    + . .     Gourm    .   c - +0 shield
rNeg     . . .     Faith    +   P - +2 plate armour {rC+}
rPois    .         Spirit   .   l - +2 hat
rElec    .         Reflect  .   (no cloak)
rCorr    .         Harm     .   (no gloves)
MR       +....                  (no boots)
Stlth    ..........             d - amulet "Tebij" {Faith MR+ Int+2}
HPRegen  0.28/turn              D - ring of protection from fire
MPRegen  0.13/turn              (no ring)

@: very slightly contaminated
A: retaliatory headbutt, horns 2, dopey 1, fire resistance 1, evolution 1
a: Wall Jump, Serpent's Lash, Heavenly Storm, Renounce Religion


You were in a bailey.
You worshipped Wu Jian.
Wu Jian was exalted by your worship.
You were not hungry.

You visited 2 branches of the dungeon, and saw 13 of its levels.
You also visited: Sewer and Bailey.

You collected 687 gold pieces.

Inventory:

Hand Weapons
 a - a +1 war axe
 g - a +2 hand axe of electrocution (weapon)
 F - a +2 flail of crushing
 I - the +0 quarterstaff of Disharmony {crush, rPois rN+ Str+7 Int-4}
   (You took it off an orc on level 5 of the Dungeon)

   It inflicts extra damage upon your enemies.
   It affects your strength (+7).
   It affects your intelligence (-4).
   It protects you from poison.
   It protects you from negative energy.
 L - a +3 flail
Missiles
 B - 27 tomahawks (quivered)
Armour
 c - a +0 shield (worn)
 l - a +2 hat (worn)
 P - a +2 plate armour of cold resistance (worn)
Jewellery
 d - the amulet "Tebij" (around neck) {Faith MR+ Int+2}
   (You took it off a big kobold on level 6 of the Dungeon)

   [amulet of faith]

   It allows you to gain divine favour quickly.
   It affects your intelligence (+2).
   It affects your resistance to hostile enchantments.
 k - an uncursed amulet of rage
 t - a +5 amulet of reflection
 A - an uncursed amulet of the acrobat
 D - a ring of protection from fire (left hand)
 O - an uncursed ring of ice
Wands
 b - a wand of iceblast (11)
 e - a wand of flame (53)
 r - a wand of paralysis (16)
 y - a wand of acid (9)
 z - a wand of disintegration (17)
 C - a wand of random effects (56)
 E - a wand of polymorph (17)
 J - a wand of clouds (4)
Scrolls
 h - 3 scrolls of teleportation
 i - 3 scrolls of remove curse
 s - 4 scrolls of identify
 u - 3 scrolls of magic mapping
 w - 2 scrolls of enchant armour
 K - a scroll of enchant weapon
 M - a scroll of fog
Potions
 j - 3 potions of agility
 m - 5 potions of brilliance
 n - 3 potions of haste
 p - 3 potions of might
 q - 2 potions of ambrosia
 v - 4 potions of heal wounds
 x - 3 potions of flight
 G - 9 potions of curing
 N - a potion of invisibility
Comestibles
 f - 22 rations
 o - 10 chunks of flesh


   Skills:
 + Level 10.1 Fighting
 + Level 13.3(13.9) Axes
 + Level 6.7(11.0) Maces & Flails
 + Level 4.0 Throwing
 * Level 13.5 Armour
 + Level 5.4 Dodging
 + Level 0.4 Stealth
 + Level 12.6 Shields


You had 12 spell levels left.
You didn't know any spells.
Your spell library contained the following spells:

 Spells                   Type           Power        Failure   Level  Hunger
 Animate Skeleton         Necr           N/A          100%        1    ##.....
 Apportation              Tloc           #.....       100%        1    ##.....
 Confusing Touch          Hex            #.....       100%        1    ##.....
 Sting                    Conj/Pois      #...         100%        1    ##.....
 Summon Small Mammal      Summ           #...         100%        1    ##.....
 Poisonous Vapours        Pois/Air       #.....       100%        2    ###....
 Mephitic Cloud           Conj/Pois/Air  #.......     100%        3    ####...
 Olgreb's Toxic Radiance  Pois           #.......     100%        4    #####..
 Venom Bolt               Conj/Pois      #.........   100%        5    ######.


Dungeon Overview and Level Annotations

Branches:
Dungeon (12/15)            Temple (1/1) D:5            Lair (0/6) D:9
    Orc (0/2) D:9

Altars:
Ashenzari
Cheibriados
Dithmenos
Elyvilon
Fedhas
Gozag
Hepliaklqana
Kikubaaqudgha
Makhleb
Nemelex Xobeh
Okawaru
Qazlal
Ru
Sif Muna
Trog
Uskayaw
Vehumet
Wu Jian
Xom
Yredelemnul
Zin
The Shining One
Beogh

Shops:
D:10 [   D:11 ?*

Annotations:
D:9 2 transporters


Innate Abilities, Weirdness & Mutations

You reflexively headbutt those who attack you in melee.
You have a pair of horns on your head.
You are dopey. (Int -2)
Your flesh is heat resistant. (rF+)
You evolve.


Message History

There is a huge open gate here.
You feel much better.
The orc knight hits you from afar with a halberd.
* * * LOW HITPOINT WARNING * * *
Unknown command.
Evoke which item? (* to show all) (? for menu, Esc to quit)
Aiming: Iceblast
Press: ? - help, Shift-Dir - straight line, f - orc knight
Aim: an orc knight, wielding a halberd and wearing a chain mail (almost dead, unusually strong)
The mass of ice explodes!
The iceblast engulfs the orc knight.
The orc knight is almost dead.
The iceblast engulfs the orc warrior.
The orc warrior is almost dead.
The iceblast engulfs the orc knight.
The orc knight is lightly wounded.
The iceblast engulfs the orc knight.
The orc knight is severely wounded.
You hear a shout!
The orc knight hits you from afar with a halberd!!
You die...

###### ####### ##
......###.....#########.
.......'.......#.....#..
.......'...))..'.....'..
.......'.o)))..'.....'.)
.......@.oo.)..'.....'..
.......'.o.....#.....#..
......###o....#########.
###### ####### ##


You could see 3 orc knights and 2 orc warriors.

Vanquished Creatures
  Kirke (D:12)
  A hydra (D:11)
  Harold (D:7)
  2 two-headed ogres
  An unseen horror (D:7)
  A manticore (D:11)
  2 ugly things (D:11)
  The ghost of MothsLongingForFire the Skirmisher, a novice OgMo (D:4)
  The ghost of Americanboy the Thaumaturge, a novice DEFE of Vehumet (D:6)
  A gargoyle (D:10)
  A centaur skeleton (D:9)
  2 trolls
  Grinder (D:4)
  Prince Ribbit (D:7)
  3 hippogriffs
  Sigmund (D:3)
  A vampire (D:12)
  A shadow (D:11)
  A wyvern (D:10)
  4 wraiths
  8 yaks
  7 hogs
  A hungry ghost (D:10)
  2 steam dragons (D:8)
  4 basilisks
  4 wargs (D:10)
  2 porcupines (D:9)
  2 black bears
  19 orc warriors
  2 ice beasts
  4 sky beasts
  4 necrophages (D:9)
  4 centaurs
  4 ogres
  A crocodile (D:9)
  9 big kobolds (D:6)
  7 bullfrogs
  A wyvern zombie (D:10)
  3 scorpions
  A water moccasin skeleton (D:4)
  14 killer bees
  9 wights
  3 electric eels
  4 howler monkeys
  6 crimson imps
  A bullfrog zombie (D:9)
  5 lava snakes (D:8)
  13 orc wizards
  5 orc priests
  2 bullfrog skeletons
  8 hounds
  2 iguanas
  Natasha (thrice) (D:4)
  7 worker ants
  2 killer bee zombies
  2 hound zombies (D:7)
  A mummy (D:9)
  3 worker ant zombies
  4 gnolls (D:8)
  15 adders
  7 river rats (Sewer)
  4 shadow imps
  5 oozes
  An adder skeleton (D:5)
  4 worms
  10 dart slugs
  5 leopard geckos
  85 orcs
  7 ball pythons (Sewer)
  9 giant cockroaches
  9 goblins
  5 hobgoblins
  9 jackals
  22 kobolds
  9 quokkas
  10 bats
  6 frilled lizards
  A jackal skeleton (D:4)
  A leopard gecko skeleton (D:6)
  A leopard gecko zombie (D:5)
  A quokka skeleton (D:6)
  27 rats
  2 plants (D:9)
466 creatures vanquished.

Vanquished Creatures (others)
  An adder (D:6)
  2 plants (D:6)
3 creatures vanquished.

Grand Total: 469 creatures vanquished

Notes
Turn   | Place    | Note
-------+----------+-------------------------------------------
     0 | D:1      | dvd the Minotaur Fighter began the quest for the Orb.
     0 | D:1      | Reached XP level 1. HP: 19/19 MP: 0/0
    92 | D:1      | Reached XP level 2. HP: 24/27 MP: 1/1
   832 | D:2      | Reached XP level 3. HP: 32/33 MP: 2/2
  1135 | D:2      | Reached XP level 4. HP: 23/40 MP: 3/3
  1665 | D:2      | Reached skill level 1 in Dodging
  1770 | D:3      | Noticed an ogre
  2108 | D:3      | Reached skill level 5 in Shields
  2108 | D:3      | Reached XP level 5. HP: 43/46 MP: 4/4
  2141 | D:3      | Noticed Sigmund
  2148 | D:3      | Killed Sigmund
  2148 | D:3      | Reached skill level 1 in Maces & Flails
  2148 | D:3      | Reached XP level 6. HP: 42/53 MP: 5/5
  2385 | D:3      | Reached skill level 5 in Armour
  2694 | D:4      | Noticed Natasha
  2702 | D:4      | Killed Natasha
  2799 | D:4      | Noticed Natasha
  2807 | D:4      | Killed Natasha
  2834 | D:4      | Found a runed door.
  2834 | D:4      | Noticed MothsLongingForFire's ghost (novice OgMo)
  2854 | D:4      | Reached XP level 7. HP: 58/60 MP: 6/6
  3016 | D:4      | Noticed Natasha
  3017 | D:4      | Noticed Grinder
  3026 | D:4      | Killed Natasha
  3035 | D:4      | Killed Grinder
  3035 | D:4      | Reached skill level 5 in Fighting
  3035 | D:4      | Reached skill level 5 in Axes
  3322 | D:4      | Found an ornate altar of the Wu Jian Council.
  3367 | D:4      | Became a worshipper of the Wu Jian Council
  3399 | D:5      | Entered Level 5 of the Dungeon
  3428 | D:5      | Found a staircase to the Ecumenical Temple.
  3584 | D:5      | Found a runed door.
  3768 | D:5      | Found a burning altar of Makhleb.
  3877 | D:5      | Found a glowing drain.
  3882 | Sewer    | Entered a sewer
  3904 | Sewer    | Reached XP level 8. HP: 64/69 MP: 7/7
  3995 | Sewer    | Reached * piety under Wu Jian
  4214 | Sewer    | Reached ** piety under Wu Jian
  4568 | D:5      | Found a deep blue altar of Sif Muna.
  4622 | D:5      | Found a hide-covered altar of Uskayaw.
  4635 | D:5      | Reached skill level 1 in Throwing
  5041 | D:5      | Found a roughly hewn altar of Beogh.
  5316 | D:5      | Got a crude quarterstaff {crush}
  5322 | D:5      | Identified the cursed +0 quarterstaff of Disharmony {crush, rPois rN+ Str+7 Int-4} (You took it off an orc on level 5 of the Dungeon)
  6271 | D:6      | Found a runed gate.
  6273 | D:6      | Found a runed gate.
  6274 | D:6      | Found a runed gate.
  6274 | D:6      | Noticed Americanboy's ghost (novice DEFE)
  6292 | D:6      | Reached XP level 9. HP: 65/75 MP: 8/8
  6296 | D:6      | Killed Americanboy's ghost
  6298 | D:6      | Found a stormy altar of Qazlal.
  6313 | D:6      | Reached *** piety under Wu Jian
  6316 | D:6      | Got a heavily runed zirconium amulet
  6318 | D:6      | Identified the amulet "Tebij" {Faith MR+ Int+2} (You took it off a big kobold on level 6 of the Dungeon)
  6841 | D:4      | Killed MothsLongingForFire's ghost
  6841 | D:4      | Reached skill level 10 in Axes
  6923 | Temple   | Entered the Ecumenical Temple
  7249 | D:7      | Reached XP level 10. HP: 11/84 MP: 9/9
  7309 | D:7      | Found an ancient bone altar of Kikubaaqudgha.
  7565 | D:7      | Noticed Prince Ribbit
  7570 | D:7      | Noticed Harold
  7584 | D:7      | Killed Prince Ribbit
  7595 | D:7      | Killed Harold
  7595 | D:7      | Reached **** piety under Wu Jian
  7819 | D:7      | Killed an unseen horror
  7819 | D:7      | Reached skill level 10 in Shields
  8794 | D:9      | Found a shattered altar of Ashenzari.
  8821 | D:9      | Reached skill level 10 in Armour
  8822 | D:9      | Found a staircase to the Lair.
  8850 | D:9      | Reached ***** piety under Wu Jian
  8860 | D:9      | Reached XP level 11. HP: 22/94 MP: 10/10
  9411 | D:9      | Found an opulent altar of Gozag.
  9475 | D:9      | Found a transporter.
  9478 | D:9      | Noticed a brown ugly thing
  9479 | D:9      | Noticed a deep elf mage
  9481 | D:9      | Found a transporter.
  9493 | D:9      | Found a sacrificial altar of Ru.
  9672 | D:9      | Found a staircase to the Orcish Mines.
  9695 | D:10     | Entered Level 10 of the Dungeon
  9809 | D:10     | Found Zubuil's Armour Shop.
 10815 | D:10     | Reached ****** piety under Wu Jian
 11823 | D:11     | Found Foblaenn's Assorted Antiques.
 11835 | D:11     | Noticed a white ugly thing
 11842 | D:11     | Killed a white ugly thing
 11848 | D:11     | Got a translucent plate armour
 11859 | D:11     | Identified the cursed +0 plate armour of Altruism {-Tele *Drain rPois Dex+8} (You found it on level 11 of the Dungeon)
 11910 | D:11     | Noticed a four-headed hydra
 11922 | D:11     | Killed a four-headed hydra
 12137 | D:11     | Reached skill level 5 in Maces & Flails
 12254 | D:11     | Found Peso's Magic Scroll Boutique.
 12275 | D:11     | Noticed a red ugly thing
 12339 | D:11     | Reached XP level 12. HP: 93/104 MP: 11/11
 12506 | D:11     | Noticed a two-headed ogre
 12512 | D:11     | Killed a two-headed ogre
 12819 | D:12     | Noticed a two-headed ogre
 12826 | D:12     | Killed a two-headed ogre
 12880 | D:12     | Noticed a death knight
 12883 | D:12     | Noticed a centaur warrior
 12889 | D:12     | HP: 3/104 [phantasmal warrior[a death knight] (11)]
 13018 | D:12     | Noticed Kirke
 13255 | D:12     | Killed Kirke
 13298 | D:12     | Found a flagged portal.
 13309 | Bailey   | Entered a bailey
 13492 | Bailey   | Gained mutation: You are dopey. (Int -2) [potion of mutation]
 13492 | Bailey   | Gained mutation: You evolve. [potion of mutation]
 13492 | Bailey   | Gained mutation: Your flesh is heat resistant. (rF+) [potion of mutation]
 13494 | Bailey   | Reached skill level 10 in Fighting
 13494 | Bailey   | Reached skill level 5 in Dodging
 13494 | Bailey   | Reached XP level 13. HP: 113/113 MP: 12/12
 13517 | Bailey   | HP: 1/113 [orc knight/halberd (24)]
 13520 | Bailey   | Mangled by an orc knight

Skill      XL: |  1  2  3  4  5  6  7  8  9 10 11 12 |
---------------+-------------------------------------+-----
Shields        | 4 5 6 7 9 10 11 12 | 12.6
Armour         | 4 5 6 7 8 10 11 13 | 13.5
Axes           | 3 4 5 8 10 11 12 13 | 13.3
Fighting       | 4 5 6 8 9 10 | 10.1
Dodging        | 1 2 3 4 5 |  5.4
Maces & Flails | 1 2 3 5 6 |  6.7
Throwing       | 1 2 4 |  4.0
Stealth        | |  0.4

Action                   |  1- 3 |  4- 6 |  7- 9 | 10-12 | 13-15 || total
-------------------------+-------+-------+-------+-------+-------++-------
Melee: War axe           |    62 |    35 |   368 |    91 |       ||   556
       Headbutt          |    16 |    23 |    66 |   182 |    10 ||   297
       Whip              |    31 |    56 |    52 |     4 |       ||   143
       Hand axe          |       |       |       |   610 |    33 ||   643
       Flail             |       |       |       |   145 |       ||   145
Throw: Tomahawk          |       |       |     6 |    32 |       ||    38
Invok: Lunge             |       |       |    16 |    55 |     2 ||    73
       Whirlwind         |       |       |    90 |   221 |    11 ||   322
       Wall Jump         |       |       |    16 |    48 |     2 ||    66
       Serpent's Lash    |       |       |       |     3 |     1 ||     4
Evoke: Wand              |       |       |       |       |     1 ||     1
  Use: Scroll            |       |       |     3 |    16 |       ||    19
       Potion            |       |       |     1 |    18 |     1 ||    20
 Stab: Invisible         |       |       |       |       |    10 ||    10
  Eat: Chunk             |     1 |     5 |    13 |    21 |       ||    40
       Ration            |       |       |       |     1 |       ||     1
Armor: Scale mail        |    48 |    39 |    58 |    48 |       ||   193
       Plate armour      |       |       |    88 |   238 |     4 ||   330
Dodge: Dodged            |    25 |    31 |   110 |   195 |    11 ||   372
Block: Shield            |    50 |    70 |   266 |   372 |    12 ||   770
       Reflection        |       |       |    18 |       |       ||    18
